 Dungeon Crawl Stone Soup version 0.26-a0-639-g72c4674329 (webtiles) character file.

Game seed: 6014222328714004411

79 Borgoz the Skirmisher (level 4, -8/29 HPs)
             Began as a Gargoyle Berserker on Sept 18, 2020.
             Was a Believer of Trog.
             Mangled by Sigmund
             ... wielding a +0 scythe
              (9 damage)
             ... on level 3 of the Dungeon.
             The game lasted 00:02:14 (2221 turns).

Borgoz the Skirmisher (Gargoyle Berserker)          Turns: 2221, Time: 00:02:15

Health: -8/29      AC: 11    Str: 20    XL:     4   Next: 37%
Magic:  4/4        EV: 11    Int:  8    God:    Trog [**....]
Gold:   54         SH:  0    Dex: 10    Spells: 3/3 levels left

rFire    . . .     SeeInvis .   a - +0 mace
rCold    . . .     Faith    .   (no shield)
rNeg     + . .     Spirit   .   g - +0 ring mail
rPois    ∞         Reflect  .   k - +1 helmet
rElec    +         Harm     .   (no cloak)
rCorr    .         Rampage  .   (no gloves)
MR       .....                  (no boots)
Stlth    ..........             (no amulet)
HPRegen  0.09/turn              (no ring)
MPRegen  0.09/turn              (no ring)

@: confused, berserk cooldown, slowed, very slow
A: negative energy resistance 1, electricity resistance, unbreathing,
petrification resistance, rot immunity, AC +3
a: Berserk, Trog's Hand, Renounce Religion


You were on level 3 of the Dungeon.
You worshipped Trog.
Trog was pleased with you.
You visited 1 branch of the dungeon, and saw 3 of its levels.

You collected 54 gold pieces.

Inventory:

Hand Weapons
 a - a +0 mace (weapon)
Armour
 g - a +0 ring mail (worn)
 k - a +1 helmet (worn)
Scrolls
 b - a scroll of remove curse
 i - a scroll of teleportation {unknown}
Potions
 c - 2 potions of berserk rage
 e - a potion of resistance
 j - 2 potions of curing {unknown}


   Skills:
 + Level 3.9 Fighting
 + Level 3.5 Maces & Flails
 + Level 3.1 Armour
 + Level 2.2 Dodging


You had 3 spell levels left.
You didn't know any spells.
Your spell library was empty.

Dungeon Overview and Level Annotations

Branches:
Dungeon (3/15)

Altars:
Qazlal
Wu Jian
Yredelemnul

Annotations:
D:3 Sigmund


Innate Abilities, Weirdness & Mutations

You are resistant to torment.
Your stone body is resilient. (AC +3)
You are immune to poison.
You resist negative energy. (rN+)
You are resistant to electric shocks. (rElec)
You can survive without breathing.
You are immune to petrification.
You are immune to rotting.


Message History

You sock the worm!
You kill the worm!
Trog accepts your kill. Something hits you but does no damage.
You barely miss something. You miss something. Something hits you.
* * * LOW HITPOINT WARNING * * *
You completely miss something.
You hear some strange, mumbled words.
You are confused.
You're too confused to move!
You sock something! Something hits you.
* * * LOW HITPOINT WARNING * * *
You bump into the rock wall.
You bump into the rock wall.
You feel a strong urge to attack something.
You are no longer berserk.
You are exhausted.
You feel yourself slow down. Something hits you!
You die...

...........# #..#######
#########..###........#
#.#...#.###...
##.#####.# ##........# #
##.....##### # ##
#.......## .##
.####.......).####...#.#
....+.......<.'.@{......
.####.........####......
.# ##<......## .##.# .#
##.....## # .# ##...##
.# ##+# .# ##


There were no monsters in sight!

Vanquished Creatures
  An adder (D:2)
  3 worms
  4 dart slugs
  3 giant cockroaches
  7 hobgoblins
  3 jackals (D:1)
  A quokka (D:2)
  8 bats
  4 frilled lizards
  6 goblins (D:1)
  9 kobolds
  5 rats
54 creatures vanquished.

Notes
Turn   | Place    | Note
-------+----------+-------------------------------------------
     0 | D:1      | Borgoz the Gargoyle Berserker began the quest for the Orb.
     0 | D:1      | Reached XP level 1. HP: 14/14 MP: 1/1
   186 | D:1      | Reached XP level 2. HP: 15/19 MP: 2/2
   933 | D:1      | Reached XP level 3. HP: 19/23 MP: 3/3
  1149 | D:2      | Reached ** piety under Trog
  1413 | D:2      | Found an ornate altar of the Wu Jian Council.
  1455 | D:2      | Found a stormy altar of Qazlal.
  1510 | D:2      | Reached XP level 4. HP: 25/29 MP: 4/4
  1884 | D:2      | Found a basalt altar of Yredelemnul.
  2206 | D:3      | Noticed Sigmund
  2219 | D:3      | HP: 1/43 [something (3)]
  2221 | D:3      | Mangled by Sigmund

Illustrated notes

Levels and vault maps discovered:
D:1:      denvon_arrival_planthouse, layout_loops_cross
D:2:      layout_loops_corners, lemuel_crystal_altar, yredelemnul_altar_generic,
          lemuel_crystal_altar
D:3:      layout_loops_corners, minivault_27, uniq_sigmund

Skill      XL: |  1  2  3 |
---------------+----------+-----
Dodging        | 2 |  2.2
Armour         | 3 |  3.1
Fighting       | |  3.9
Maces & Flails | |  3.5

Action                   |  1- 3 |  4- 6 || total
-------------------------+-------+-------++-------
Melee: Mace              |   134 |    39 ||   173
  Use: Scroll            |       |     5 ||     5
       Potion            |       |     1 ||     1
 Stab: Sleeping          |     1 |       ||     1
Armor: Animal skin       |    67 |       ||    67
       Ring mail         |    10 |    16 ||    26
Dodge: Dodged            |    98 |    13 ||   111

Table legend: (Time is in decaauts)
 A = Elapsed time spent in this place.
 B = Non-inter-level travel time spent in this place.
 C = Inter-level travel time spent in this place.
 D = Time resting spent in this place.
 E = Time spent auto-exploring this place.
 F = Levels seen in this place.
 G = Mean time per level.
                   A        B        C        D        E       F      G
               +--------+--------+--------+--------+--------+-----+--------+
         Total |   2258 |   2201 |     57 |    332 |   1419 |   3 |  752.7 |
       Dungeon |   2258 |   2201 |     57 |    332 |   1419 |   3 |  752.7 |
               +--------+--------+--------+--------+--------+-----+--------+

Top non-repeatable levels by time:
     D:1: 1141 daAuts
     D:2: 947 daAuts
     D:3: 168 daAuts
